 Dungeon Crawl Stone Soup version 0.29.0-4-gdea44cf6ec (webtiles) character file.

Game seed: 8649667011637877397

639 qw the Chopper (level 7, 0/54 HPs)
             Began as a Demonspawn Cinder Acolyte on Sept 8, 2022.
             Was a Priest of Ignis.
             Succumbed to a killer bee's poison
             ... on level 4 of the Dungeon.
             The game lasted 00:01:27 (4703 turns).

qw the Chopper (Demonspawn Cinder Acolyte)          Turns: 4703, Time: 00:01:27

Health: 0/54       AC: 17    Str: 16    XL:     7   Next: 26%
Magic:  8/8        EV:  7    Int: 20    God:    Ignis [***...]
Gold:   85         SH:  0    Dex: 14    Spells: 8/8 levels left

rFire   + . .      SeeInvis .   Y - +0 hand axe (vamp)
rCold   . . .      Faith    .   (no shield)
rNeg    . . .      Spirit   .   i - +0 chain mail
rPois   .          Reflect  .   a - +0 helmet
rElec   .          Harm     .   (no cloak)
rCorr   .          Rampage  .   (no gloves)
Will    .....                   (no boots)
Stlth   ..........              (no amulet)
HPRegen 0.18/turn               d - +6 ring of dexterity
MPRegen 0.11/turn               (no ring)

@: lethally poisoned (0 -> -2), fiery-armoured
A: hooves 1, powered by pain 1, big brain 2
a: Renounce Religion, Fiery Armour, Foxfire Swarm, Rising Flame


You were on level 4 of the Dungeon.
You worshipped Ignis.
Ignis was most pleased with you.
You visited 1 branch of the dungeon, and saw 4 of its levels.

You collected 85 gold pieces.


Innate Abilities, Weirdness & Mutations

You have large cloven feet.
You sometimes gain a little power by taking damage.
You have an extremely huge brain. (Int +4)


   Skills:
 - Level 4.1 Fighting
 + Level 6.0 Axes
 - Level 3.5 Armour
 - Level 1.0 Dodging
 - Level 1.0 Spellcasting
 - Level 2.6 Fire Magic


You had 8 spell levels left.
You didn't know any spells.
Your spell library contained the following spells:

 Spells                   Type           Power      Damage    Failure   Level
 Scorch                   Fire           22%        2d6       82%         2

Inventory:

Hand Weapons
 c - a +0 club
 Y - a +0 vampiric hand axe (weapon)
Armour
 a - a +0 helmet (worn)
 i - a +0 chain mail (worn)
Jewellery
 d - a +6 ring of dexterity (left hand)
 j - a ring of fire
Scrolls
 b - a scroll of identify
Potions
 f - a potion of resistance
 k - a potion of lignification {unknown}
 m - a potion of mutation {unknown}

Dungeon Overview and Level Annotations

Branches:
Dungeon (4/15)
 Temple: D:4-7

Altars:
Dithmenos
Vehumet


Message History

The killer bee is severely wounded.
The killer bee barely misses you. x2
You have reached level 7!
You closely miss the killer bee. Your kick misses the killer bee.
The killer bee is severely wounded.
You closely miss the killer bee.
The killer bee stings you but does no damage.
The killer bee is burned by your cloak of flames.
The killer bee is severely wounded.
The killer bee stings you.
You are poisoned.
The killer bee poisons you!
The killer bee is burned by your cloak of flames.
You kill the killer bee!
The killer bee stings you.
You are lethally poisoned!
The killer bee poisons you!
The killer bee is burned by your cloak of flames.
The killer bee is almost dead.
You closely miss the killer bee. You kick the killer bee.
The killer bee is almost dead.
You feel very sick.
The killer bee stings you but does no damage.
The killer bee is burned by your cloak of flames.
You kill the killer bee!
Your Fighting skill increases to level 4!
There is a lethal amount of poison in your body!
You feel sick.
There is a lethal amount of poison in your body!
You feel sick.
There is a lethal amount of poison in your body!
You feel sick.
There is a lethal amount of poison in your body!
You feel sick.
There is a lethal amount of poison in your body!
You feel sick.
There is a lethal amount of poison in your body!
You feel sick.
There is a lethal amount of poison in your body!
You die...

### # ##.##
..####...##
....#.....##
#........##
#.........#
#....%...#
...$#...@%##
# ##.%<##
##.## #..
##. . y#


There were no monsters in sight!

Vanquished Creatures
  Sigmund (D:3)
  6 killer bees
  Ijyb (D:3)
  Terence (D:2)
  An orc wizard (D:3)
  Robin (D:2)
  4 gnolls (D:2)
  5 adders
  A worm (D:2)
  3 orcs
  6 ball pythons
  4 endoplasms
  7 hobgoblins
  2 jackals (D:1)
  A quokka (D:1)
  2 bats
  3 frilled lizards
  12 goblins
  3 kobolds
  2 rats (D:3)
66 creatures vanquished.

Vanquished Creatures (others)
  2 plants (D:1)
2 creatures vanquished.

Grand Total: 68 creatures vanquished

Notes
Turn   | Place    | Note
-------+----------+-------------------------------------------
     0 | D:1      | qw the Demonspawn Cinder Acolyte began the quest for the
                  | Orb.
     0 | D:1      | Reached XP level 1. HP: 18/18 MP: 2/2
     0 | D:1      | 0 ||| qw: Version: 0.1-a-112-g44dc6cd
     0 | D:1      | 0 ||| qw: Game counter: 6830
     0 | D:1      | 0 ||| qw: Always use a shield: true
     0 | D:1      | 0 ||| qw: God list: Okawaru
     0 | D:1      | 0 ||| qw: Allow faded altars: false
     0 | D:1      | 0 ||| qw: Do Orc after D:15 true
     0 | D:1      | 0 ||| qw: Do second Lair branch before Depths: true
     0 | D:1      | 0 ||| qw: Lair rune preference: random
     0 | D:1      | 0 ||| qw: Plans: Normal
     0 | D:1      | 0 ||| PLANNING D:1-11
   132 | D:1      | Reached skill level 3 in Axes
   332 | D:1      | Gained mutation: You have an unusually large brain. (Int
                  | +2) [demonic ancestry]
   332 | D:1      | Reached XP level 2. HP: 24/24 MP: 3/3
   386 | D:1      | Found a faded altar of an unknown god.
   696 | D:1      | 696 ||| UPGRADING to +0 leather armour.
   706 | D:1      | 706 ||| DROPPING +0 robe.
   707 | D:1      | 707 ||| DROPPING ring of wizardry.
   708 | D:1      | 708 ||| READING scroll labelled KUIDWA FU ADGH.
   709 | D:1      | 709 ||| DRINKING 2 inky potions.
   941 | D:2      | 941 ||| INVOKING Fiery Armour.
   943 | D:2      | Gained mutation: You sometimes gain a little power by
                  | taking damage. [demonic ancestry]
   943 | D:2      | Reached XP level 3. HP: 12/29 MP: 4/4
  1181 | D:2      | 1181 ||| Stepping ~*~*~tactically~*~*~ (stealth).
  1187 | D:2      | Reached skill level 4 in Axes
  1264 | D:2      | Noticed Robin
  1275 | D:2      | Killed Robin
  1276 | D:2      | Reached skill level 1 in Dodging
  1277 | D:2      | 1277 ||| INVOKING Fiery Armour.
  1279 | D:2      | 1279 ||| FLEEEEING.
  1280 | D:2      | 1280 ||| FLEEEEING.
  1281 | D:2      | 1281 ||| FLEEEEING.
  1282 | D:2      | 1282 ||| FLEEEEING.
  1283 | D:2      | 1283 ||| FLEEEEING.
  1284 | D:2      | 1284 ||| FLEEEEING.
  1285 | D:2      | 1285 ||| FLEEEEING.
  1286 | D:2      | 1286 ||| FLEEEEING.
  1287 | D:2      | 1287 ||| FLEEEEING.
  1288 | D:2      | 1288 ||| FLEEEEING.
  1289 | D:2      | 1289 ||| FLEEEEING.
  1290 | D:2      | 1290 ||| FLEEEEING.
  1291 | D:2      | 1291 ||| FLEEEEING.
  1292 | D:2      | 1292 ||| FLEEEEING.
  1293 | D:2      | 1293 ||| FLEEEEING.
  1294 | D:2      | 1294 ||| FLEEEEING.
  1295 | D:2      | 1295 ||| FLEEEEING.
  1296 | D:2      | 1296 ||| FLEEEEING.
  1297 | D:2      | 1297 ||| FLEEEEING.
  1298 | D:2      | 1298 ||| FLEEEEING.
  1299 | D:2      | 1299 ||| FLEEEEING.
  1300 | D:2      | 1300 ||| FLEEEEING.
  1301 | D:2      | 1301 ||| FLEEEEING.
  1302 | D:2      | 1302 ||| FLEEEEING.
  1303 | D:2      | 1303 ||| FLEEEEING.
  1304 | D:2      | 1304 ||| FLEEEEING.
  1305 | D:2      | 1305 ||| FLEEEEING.
  1306 | D:2      | 1306 ||| FLEEEEING.
  1307 | D:2      | 1307 ||| FLEEEEING.
  1308 | D:2      | 1308 ||| FLEEEEING.
  1309 | D:2      | 1309 ||| FLEEEEING.
  1310 | D:2      | 1310 ||| FLEEEEING.
  1311 | D:2      | 1311 ||| FLEEEEING.
  1312 | D:2      | 1312 ||| FLEEEEING.
  1313 | D:2      | 1313 ||| FLEEEEING.
  1314 | D:2      | 1314 ||| FLEEEEING.
  1315 | D:2      | 1315 ||| FLEEEEING.
  1316 | D:2      | 1316 ||| FLEEEEING.
  1317 | D:2      | 1317 ||| FLEEEEING.
  1318 | D:2      | 1318 ||| FLEEEEING.
  1319 | D:2      | 1319 ||| FLEEEEING.
  1320 | D:2      | 1320 ||| FLEEEEING.
  1321 | D:2      | 1321 ||| FLEEEEING.
  1322 | D:2      | 1322 ||| FLEEEEING.
  1323 | D:2      | 1323 ||| FLEEEEING.
  1324 | D:2      | 1324 ||| FLEEEEING.
  1325 | D:2      | 1325 ||| FLEEEEING.
  1326 | D:2      | 1326 ||| FLEEEEING.
  1327 | D:2      | 1327 ||| FLEEEEING.
  1328 | D:2      | 1328 ||| FLEEEEING.
  1329 | D:2      | 1329 ||| FLEEEEING.
  1330 | D:2      | 1330 ||| FLEEEEING.
  1331 | D:2      | 1331 ||| FLEEEEING.
  1332 | D:2      | 1332 ||| STAIRDANCE
  1410 | D:1      | 1410 ||| READING scroll labelled NESHOELLUA.
  1413 | D:2      | 1413 ||| STAIRDANCE
  1456 | D:2      | 1456 ||| STAIRDANCE
  1463 | D:2      | 1463 ||| STAIRDANCE
  1487 | D:2      | 1487 ||| STAIRDANCE
  1616 | D:2      | 1616 ||| Stepping ~*~*~tactically~*~*~ (stealth).
  1656 | D:2      | 1656 ||| FLEEEEING.
  1657 | D:2      | 1657 ||| FLEEEEING.
  1658 | D:2      | 1658 ||| FLEEEEING.
  1659 | D:2      | 1659 ||| FLEEEEING.
  1660 | D:2      | 1660 ||| FLEEEEING.
  1661 | D:2      | 1661 ||| FLEEEEING.
  1662 | D:2      | 1662 ||| FLEEEEING.
  1663 | D:2      | 1663 ||| FLEEEEING.
  1664 | D:2      | 1664 ||| FLEEEEING.
  1665 | D:2      | 1665 ||| FLEEEEING.
  1666 | D:2      | 1666 ||| FLEEEEING.
  1667 | D:2      | 1667 ||| FLEEEEING.
  1671 | D:2      | 1671 ||| Stepping ~*~*~tactically~*~*~ (stealth).
  1672 | D:2      | 1672 ||| FLEEEEING.
  1679 | D:2      | 1679 ||| INVOKING Fiery Armour.
  1683 | D:2      | HP: 7/29 [worm (4)]
  1948 | D:2      | Noticed Terence
  1958 | D:2      | 1958 ||| INVOKING Fiery Armour.
  1959 | D:2      | HP: 7/29 [Terence/+0 hand axe (4)]
  1964 | D:2      | Killed Terence
  1965 | D:2      | Gained mutation: You have large cloven feet. [demonic
                  | ancestry]
  1965 | D:2      | Reached XP level 4. HP: 5/35 MP: 5/5
  2302 | D:2      | 2302 ||| INVOKING Fiery Armour.
  2319 | D:2      | Reached skill level 5 in Axes
  2479 | D:2      | 2479 ||| DROPPING +1 vorpal hand axe.
  2490 | D:2      | Gained mutation: You have an extremely huge brain. (Int +4)
                  | [demonic ancestry]
  2490 | D:2      | Reached XP level 5. HP: 28/41 MP: 6/6
  2915 | D:2      | 2915 ||| UPGRADING to +0 helmet.
  2920 | D:2      | 2920 ||| UPGRADING to +0 chain mail.
  2930 | D:2      | 2930 ||| DROPPING +0 leather armour.
  2931 | D:2      | 2931 ||| READING scroll labelled URIEXT MUGE.
  2932 | D:2      | 2932 ||| READING scroll labelled BIAN QOECROW.
  2933 | D:2      | 2933 ||| DRINKING 2 grey potions.
  2934 | D:2      | 2934 ||| READING 2 scrolls of identify.
  2934 | D:2      | 2934 ||| IDENTIFYING fizzy sapphire potion
  2935 | D:2      | 2935 ||| DROPPING potion of brilliance.
  2989 | D:3      | 2989 ||| STAIRDANCE
  3040 | D:3      | 3040 ||| STAIRDANCE
  3207 | D:3      | Found a radiant altar of Vehumet.
  3258 | D:3      | Found a shadowy altar of Dithmenos.
  3340 | D:3      | 3340 ||| FLEEEEING.
  3341 | D:3      | 3341 ||| FLEEEEING.
  3342 | D:3      | 3342 ||| FLEEEEING.
  3343 | D:3      | 3343 ||| FLEEEEING.
  3345 | D:3      | 3345 ||| FLEEEEING.
  3346 | D:3      | 3346 ||| FLEEEEING.
  3347 | D:3      | 3347 ||| FLEEEEING.
  3348 | D:3      | 3348 ||| FLEEEEING.
  3349 | D:3      | 3349 ||| FLEEEEING.
  3350 | D:3      | 3350 ||| FLEEEEING.
  3351 | D:3      | 3351 ||| FLEEEEING.
  3352 | D:3      | 3352 ||| FLEEEEING.
  3353 | D:3      | 3353 ||| FLEEEEING.
  3354 | D:3      | 3354 ||| FLEEEEING.
  3355 | D:3      | 3355 ||| FLEEEEING.
  3356 | D:3      | 3356 ||| FLEEEEING.
  3367 | D:3      | 3367 ||| FLEEEEING.
  3374 | D:3      | 3374 ||| FLEEEEING.
  3375 | D:3      | 3375 ||| FLEEEEING.
  3376 | D:3      | 3376 ||| FLEEEEING.
  3377 | D:3      | 3377 ||| FLEEEEING.
  3378 | D:3      | 3378 ||| FLEEEEING.
  3384 | D:3      | 3384 ||| FLEEEEING.
  3385 | D:3      | HP: 10/41 [poisoned by a kobold]
  3390 | D:3      | 3390 ||| FLEEEEING.
  3391 | D:3      | 3391 ||| FLEEEEING.
  3392 | D:3      | 3392 ||| FLEEEEING.
  3393 | D:3      | 3393 ||| FLEEEEING.
  3402 | D:3      | 3402 ||| FLEEEEING.
  3407 | D:3      | 3407 ||| FLEEEEING.
  3408 | D:3      | 3408 ||| FLEEEEING.
  3418 | D:3      | 3418 ||| STAIRDANCE
  3619 | D:2      | 3619 ||| UPGRADING to +6 ring of dexterity.
  3620 | D:2      | 3620 ||| READING scroll labelled JAQIJO KIWOPAOSHA.
  3621 | D:2      | 3621 ||| READING scroll labelled ZORAOL WASISIA.
  3622 | D:2      | 3622 ||| DRINKING 2 metallic clear potions.
  3623 | D:2      | 3623 ||| DROPPING potion of flight.
  3630 | D:3      | 3630 ||| STAIRDANCE
  3777 | D:3      | Noticed Sigmund
  3778 | D:3      | 3778 ||| INVOKING Fiery Armour.
  3780 | D:3      | 3780 ||| DRINKING potion of curing.
  3780 | D:3      | 3780 ||| (to cure confusion)
  3782 | D:3      | Reached skill level 1 in Armour
  3792 | D:3      | Killed Sigmund
  3793 | D:3      | Reached skill level 3 in Armour
  3793 | D:3      | Reached XP level 6. HP: 44/47 MP: 7/7
  3830 | D:3      | Noticed Ijyb
  3831 | D:3      | 3831 ||| Stepping ~*~*~tactically~*~*~ (hiding).
  3842 | D:3      | Killed Ijyb
  4308 | D:3      | 4308 ||| READING scroll labelled KAITYA BUCYF.
  4450 | D:3      | 4450 ||| READING scroll labelled BUODGH ZABRIRI.
  4483 | D:3      | 4483 ||| READING 2 scrolls of identify.
  4483 | D:3      | 4483 ||| IDENTIFYING bubbling golden potion
  4484 | D:3      | 4484 ||| DROPPING potion of magic.
  4500 | D:4      | 4500 ||| PLANNING OSSUARY
  4503 | D:4      | 4503 ||| STAIRDANCE
  4684 | D:4      | 4684 ||| Stepping ~*~*~tactically~*~*~ (stealth).
  4692 | D:4      | 4692 ||| INVOKING Fiery Armour.
  4693 | D:4      | HP: 11/47 [killer bee (1)]
  4694 | D:4      | Reached skill level 6 in Axes
  4695 | D:4      | Reached XP level 7. HP: 14/52 MP: 8/8
  4698 | D:4      | HP: 4/54 [poisoned by a killer bee]
  4702 | D:4      | HP: 1/54 [poisoned by a killer bee]
  4703 | D:4      | Succumbed to a killer bee's poison

Levels and vault maps discovered:
D:1:      dpeg_arrival_leaves_temple_mockup, layout_rooms,
          chequers_ecumenical_altar_simple, serial_bayou_lagoon_a,
          roderic_lattice_a
D:2:      layout_basic, uniq_terence, uniq_robin
D:3:      layout_loops_ring, lemuel_doored_altar, mainiacjoe_overflow_paths,
          uniq_sigmund, uniq_ijyb
D:4:      layout_loops_ring, elyvilon_altar_4, minmay_temple_entry_antechambers,
          nicolae_ossuary_entry_giza

Skill      XL: |  1  2  3  4  5  6  7 |
---------------+----------------------+-----
Axes           | 3 4 5 6 |  6.0
Dodging        | 1 |  1.0
Armour         | 3 |  3.5
Fighting       | 4 |  4.1
Spellcasting   | |  1.0
Fire Magic     | |  2.6

Action                   |  1- 3 |  4- 6 |  7- 9 || total
-------------------------+-------+-------+-------++-------
Melee: Hand axe          |    96 |   101 |     2 ||   199
       Punch             |     3 |     2 |       ||     5
       Kick              |       |    13 |     1 ||    14
Invok: Fiery Armour      |     4 |     3 |       ||     7
  Use: Scroll            |     2 |     8 |       ||    10
       Potion            |     1 |     3 |       ||     4
Armor: Robe              |     4 |       |       ||     4
       Leather armour    |    17 |    14 |       ||    31
       Chain mail        |       |    66 |     2 ||    68
Dodge: Dodged            |    49 |    63 |       ||   112

Table legend:
 A = Non-vault XP
 B = Vault XP
 C = Vault XP percentage of total XP
 D = Non-vault monster count
 E = Vault monster count
 F = Vault count percentage of total count
                 A         B        C        D         E       F
            +---------+---------+-------+---------+---------+-------
      Total |     584 |     330 |  36.1 |      51 |      15 |  22.7
            +---------+---------+-------+---------+---------+-------
        D:1 |      19 |       5 |  20.8 |      12 |       3 |  20.0
        D:2 |     131 |      66 |  33.5 |      19 |      10 |  34.5
        D:3 |     130 |     259 |  66.6 |      14 |       2 |  12.5
        D:4 |     304 |       0 |   0.0 |       6 |       0 |   0.0
            +---------+---------+-------+---------+---------+-------
